 Dungeon Crawl Stone Soup version 0.19-a0-1834-g6b7851e (webtiles) character file.

331 dobroeutro the Covered (level 6, -5/39 HPs)
             Began as a Gargoyle Fighter on Oct 9, 2016.
             Was an Initiate of Okawaru.
             Killed from afar by Dowan (20 damage)
             ... with a stone arrow
             ... on level 4 of the Dungeon.
             The game lasted 00:02:57 (2398 turns).

dobroeutro the Covered (Gargoyle Fighter)           Turns: 2398, Time: 00:02:58

Health: -5/39      AC: 15    Str: 21    XL:     6   Next: 51%
Magic:  6/6        EV:  7    Int:  8    God:    Okawaru [......]
Gold:   113        SH:  9    Dex: 10    Spells: 0 memorised, 5 levels left

rFire  . . .     SeeInvis .     a - +0 flail
rCold  . . .     Gourm    .     b - +0 scale mail
rNeg   + . .     Faith    .     c - +0 shield
rPois  ∞         Spirit   .     (no helmet)
rElec  +         Dismiss  .     (no cloak)
rCorr  .         Reflect  .     m - +0 pair of gloves
MR     .....     Harm     .     r - +1 pair of boots
Stlth  ..........               (no amulet)
                                (no ring)
                                (no ring)

@: no status effects
A: negative energy resistance 1, electricity resistance, unbreathing,
petrification resistance, rot immunity, AC +4
a: Renounce Religion


You were on level 4 of the Dungeon.
You worshipped Okawaru.
Okawaru was noncommittal.
You were hungry.

You visited 1 branch of the dungeon, and saw 4 of its levels.

You collected 113 gold pieces.

Inventory:

Hand Weapons
 a - a +0 flail (weapon)
Armour
 b - a +0 scale mail (worn)
 c - a +0 shield (worn)
 m - a +0 pair of gloves (worn)
 r - a +1 pair of boots (worn)
Scrolls
 g - 2 scrolls of immolation {unknown}
 i - 3 scrolls of identify {unknown}
 j - 2 scrolls of teleportation {unknown}
 k - 2 scrolls of remove curse {unknown}
 l - 2 scrolls of magic mapping {unknown}
 o - a scroll of fog {unknown}
 s - a scroll of enchant armour {unknown}
Potions
 d - 3 potions of might
 e - a potion of resistance {unknown}
 h - 4 potions of lignification {unknown}
 p - a potion of curing {unknown}
 q - a potion of flight {unknown}
 t - a potion of ambrosia {unknown}
Comestibles
 f - 3 bread rations
 n - a meat ration
 u - 2 slices of pizza


   Skills:
 + Level 4.4 Fighting
 * Level 4.9 Maces & Flails
 + Level 5.1 Armour
 - Level 3.2 Shields


You had 5 spell levels left.
You didn't know any spells.

Dungeon Overview and Level Annotations

Branches:
Dungeon (4/15)
 Temple: D:4-7

Altars:
Okawaru

Annotations:
D:4 Dowan


Innate Abilities, Weirdness & Mutations

You are resistant to torment.
Your stone body is resilient. (AC +4)
You are immune to poison.
You resist negative energy. (rN+)
You are resistant to electric shocks. (rElec)
You can survive without breathing.
You are immune to petrification.
You are immune to rotting.


Message History

You block the worker ant's attack.
Unknown command.
Your shield prevents you from hitting the worker ant.
The worker ant is moderately wounded.
Dowan hits you but does no damage. The worker ant bites you.
You block Dowan's attack. You block the worker ant's attack.
Dowan hits you but does no damage.
You closely miss the worker ant.
The worker ant is moderately wounded.
Dowan hits you but does no damage.
The worker ant bites you but does no damage.
Dowan gestures at you while chanting. The stone arrow hits you!
Unknown command.
You closely miss the worker ant.
The worker ant is moderately wounded.
Dowan points at you and mumbles some strange words.
The stone arrow hits you!
Ouch! That really hurt!
You die...

#.##
..# ..#
..# #.#
#.# #a#
#@#
#..e$.#
#.....#
#.....#
#.....#
#.....#
##.####
#.


You could see Dowan and a worker ant.

Vanquished Creatures
  Duvessa (D:4)
  An orc wizard (D:3)
  Jessica (D:2)
  4 gnolls (D:3)
  7 adders
  4 worms
  2 dart slugs
  2 leopard geckos
  4 orcs (D:3)
  3 giant cockroaches
  8 goblins
  4 hobgoblins
  2 jackals (D:3)
  A quokka (D:3)
  5 bats
  2 frilled lizards
  9 kobolds
  7 rats
67 creatures vanquished.

Notes
Turn   | Place    | Note
-------+----------+-------------------------------------------
     0 | D:1      | dobroeutro the Gargoyle Fighter began the quest for the Orb.
     0 | D:1      | Reached XP level 1. HP: 14/14 MP: 1/1
   173 | D:1      | Reached XP level 2. HP: 15/19 MP: 2/2
   440 | D:2      | Noticed Jessica
   458 | D:2      | Killed Jessica
   458 | D:2      | Reached skill level 4 in Armour
   458 | D:2      | Reached XP level 3. HP: 12/23 MP: 3/3
   822 | D:2      | Reached XP level 4. HP: 17/28 MP: 4/4
  1376 | D:3      | Reached XP level 5. HP: 25/33 MP: 5/5
  1520 | D:3      | Found a faded altar of an unknown god.
  1833 | D:3      | Found an iron altar of Okawaru.
  1841 | D:3      | Became a worshipper of Warmaster Okawaru
  1987 | D:3      | Reached XP level 6. HP: 38/38 MP: 6/6
  2368 | D:4      | Noticed Duvessa
  2368 | D:4      | Noticed Dowan
  2390 | D:4      | Killed Duvessa
  2390 | D:4      | Reached skill level 5 in Armour
  2398 | D:4      | Killed from afar by Dowan

Vault maps used:
D:1:      shiori_arrival_oz
D:2:      first_bread, uniq_jessica
D:3:      ecumenical_altar_2, kennysheep_okawaru_gauntlet
D:4:      uniq_duvessa

Skill      XL: |  1  2  3  4  5  6 |
---------------+-------------------+-----
Armour         | 4 5 |  5.1
Maces & Flails | 3 4 |  4.9
Fighting       | 4 |  4.4
Shields        | |  3.2

Action                   |  1- 3 |  4- 6 || total
-------------------------+-------+-------++-------
Melee: Flail             |   122 |   187 ||   309
       Spear             |       |     5 ||     5
  Eat: Chunk             |       |     5 ||     5
Armor: Scale mail        |    71 |   106 ||   177
Dodge: Dodged            |    37 |    62 ||    99
Block: Shield            |    66 |   117 ||   183
